 Dungeon Crawl Stone Soup version 0.28-a0-1365-g7e0445c96d (webtiles) character file.

Game seed: 12692862677775927462

195 Lekart the Skirmisher (level 5, -1/50 HPs)
             Began as a Draconian Chaos Knight on Dec 31, 2021.
             Was a Plaything of Xom.
             Slain by a hellwing (10 damage)
             ... summoned by Xom
             ... on level 4 of the Dungeon.
             The game lasted 00:04:31 (2679 turns).

Lekart the Skirmisher (Draconian Chaos Knight)      Turns: 2679, Time: 00:04:31

Health: -1/50      AC:  1    Str: 14    XL:     5   Next: 45%
Magic:  5/5        EV: 12    Int: 13    God:    Xom [......]
Gold:   63         SH:  0    Dex: 14    Spells: 4/4 levels left

rFire   . . .      SeeInvis .   g - +1 trident (flame)
rCold   . . .      Faith    .   (no shield)
rNeg    . . .      Spirit   .   (armour unavailable)
rPois   .          Reflect  .   (helmet restricted)
rElec   .          Harm     .   (no cloak)
rCorr   .          Rampage  .   (no gloves)
Will    .....                   (no boots)
Stlth   ++........              (no amulet)
HPRegen 0.16/turn               (no ring)
MPRegen 0.09/turn               (no ring)

@: corroded, hasted, very quick
A: AC +5, unfitting armour, cold-blooded, agile 1, robust 1
a: Renounce Religion


You were on level 4 of the Dungeon.
You worshipped Xom.
You were a very special plaything of Xom.
You visited 2 branches of the dungeon, and saw 4 of its levels.

You collected 63 gold pieces.

Inventory:

Hand Weapons
 a - a +0 hand axe of chaos
 g - a +1 trident of flaming (weapon)
Missiles
 d - 8 poisoned darts (quivered)
Wands
 k - a wand of flame (13)


   Skills:
 + Level 4.1 Fighting
 + Level 4.0(4.1) Axes
 + Level 1.0(2.7) Polearms
 + Level 2.5 Throwing
 + Level 2.6 Dodging
 + Level 1.1 Stealth


You had 4 spell levels left.
You didn't know any spells.
Your spell library contained the following spells:

 Spells                   Type           Power      Damage    Failure   Level
 Static Discharge         Conj/Air       0%         N/A       43%         2
 Sublimation of Blood     Necr           0%         N/A       43%         2
 Wereblood                Tmut           0%         N/A       43%         2
 Lightning Bolt           Conj/Air       0%         1d11      100%        5
 Summon Hydra             Summ           0%         N/A       100%        7
 Maxwell's Capacitive Co  Air            0%         ∞         100%        8


Dungeon Overview and Level Annotations

Branches:
Dungeon (4/15)             Temple (1/1) D:4

Altars:
Ashenzari
Elyvilon
Gozag
Hepliaklqana
Nemelex Xobeh
Okawaru
Trog
Wu Jian
Xom
The Shining One


Innate Abilities, Weirdness & Mutations

Your plain brown scales are hard. (AC +5)
You cannot fit into any form of body armour.
You are cold-blooded and may be slowed by cold attacks.
You are agile. (Dex +2)
You are robust. (+10% HP)


Message History

Aim: a gnoll, wielding a +0 flail (moderately wounded, 65% to hit)
You throw a poisoned dart.
The poisoned dart closely misses the gnoll.
Reach: g) +1 trident (flame)
Press: ? - help, Dir - move target, f/p - gnoll
Aim: a gnoll, wielding a +0 flail (moderately wounded, about 35% to evade your +1 trident of flaming)
You hit the gnoll but do no damage.
The gnoll is moderately wounded.
The gnoll hits you with a +0 flail.
Reach: g) +1 trident (flame)
Press: ? - help, Dir - move target, f/p - gnoll
Aim: a gnoll, wielding a +0 flail (moderately wounded, about 35% to evade your +1 trident of flaming)
You hit the gnoll but do no damage.
The gnoll is moderately wounded.
Found 19 bolts.
The gnoll shaman calls upon its god to heal the gnoll.
The gnoll's wounds heal themselves!
Throw: 9 darts (poison)
Press: ? - help, Q - select action, (/) - cycle Shift-Dir - straight line, f/p - gnoll
Aim: a gnoll, wielding a +0 flail (65% to hit)
You throw a poisoned dart.
The poisoned dart closely misses the gnoll.
The poisoned dart barely misses the gnoll shaman.
You hear Xom's maniacal laughter.
You hit the hellwing but do no damage.
Unknown command.
You aren't carrying any scrolls.
You aren't carrying any potions.
You aren't carrying any scrolls.
Okay, then.
You hit the shadow imp but do no damage.
You tail-slap the shadow imp, but do no damage.
The hellwing closely misses you. The hellwing hits you.
The shadow imp misses you.
You hit the shadow imp but do no damage.
The rust devil hits you!
* * * LOW HITPOINT WARNING * * *
The rust devil corrodes you! The shadow imp barely misses you.
The hellwing hits you!
You die...

#.(g######.##...#.#.# #
##.## .##...#.#.# # #g#
## #.#.# # #.# # #.#
####### #.#
#####.....##### ####.#
###...#.....#...#
#....####4..8....>....8..
#.#...g4@5#...#.....#...#
# #.###########.....#####
#. ####### #. (. .. #..


You could see a hellwing (summoned), a rust devil (summoned), a gnoll and a
shadow imp (summoned).

Vanquished Creatures
  An iguana (D:4)
  A hound skeleton (D:4)
  4 gnolls
  An adder (D:2)
  A worm (D:2)
  A dart slug (D:1)
  5 orcs (D:4)
  4 bats
  4 endoplasms
  2 giant cockroaches (D:2)
  3 goblins (D:1)
  5 hobgoblins
  5 jackals
  A quokka (D:1)
  2 frilled lizards (D:1)
  5 kobolds
  5 rats
50 creatures vanquished.

Vanquished Creatures (collateral kills)
  A gnoll (D:2)
1 creature vanquished.

Vanquished Creatures (others)
  Sigmund (D:4)
  2 fungi (D:1)
  A plant (D:1)
4 creatures vanquished.

Grand Total: 55 creatures vanquished

Notes
Turn   | Place    | Note
-------+----------+-------------------------------------------
     0 | D:1      | Lekart the Draconian Chaos Knight began the quest for the
                  | Orb.
     0 | D:1      | Reached XP level 1. HP: 19/19 MP: 1/1
   254 | D:1      | XOM: silly message
   310 | D:1      | Found a faded altar of an unknown god.
   329 | D:1      | Reached XP level 2. HP: 25/26 MP: 2/2
   547 | D:1      | XOM: silly message
  1034 | D:1      | XOM: smoke on damage
  1040 | D:1      | Reached XP level 3. HP: 5/33 MP: 3/3
  1444 | D:2      | XOM: noise
  1522 | D:2      | XOM: noise
  1662 | D:2      | XOM: cloud trail
  1689 | D:2      | XOM: god gift: staff of air
  1840 | D:2      | XOM: summons 3 friendly demons
  1846 | D:2      | Reached skill level 1 in Throwing
  1846 | D:2      | Reached XP level 4. HP: 37/40 MP: 4/4
  2148 | D:2      | You fall into a shaft and drop 2 floors!
  2148 | D:4      | Found a staircase to the Ecumenical Temple.
  2165 | Temple   | Entered the Ecumenical Temple
  2217 | Temple   | XOM: silly message
  2255 | D:4      | XOM: noise
  2287 | D:4      | Noticed Sigmund
  2292 | D:4      | XOM: polymorph jackal -> gnoll
  2340 | D:4      | Reached skill level 1 in Stealth
  2340 | D:4      | Reached XP level 5. HP: 27/46 MP: 5/5
  2517 | D:4      | Killed Sigmund
  2518 | D:4      | Reached skill level 1 in Polearms
  2602 | D:4      | Gained mutation: You are agile. (Dex +2) [potion of
                  | mutation]
  2602 | D:4      | Gained mutation: You are robust. (+10% HP) [potion of
                  | mutation]
  2648 | D:4      | XOM: blink monster(s)
  2655 | D:4      | XOM: potion effect (haste)
  2676 | D:4      | XOM: summons 3 hostile demons
  2677 | D:4      | Noticed a hellwing
  2677 | D:4      | Noticed a rust devil
  2679 | D:4      | Slain by a hellwing

Illustrated notes

Levels and vault maps discovered:
D:1:      psy_arrival_statuary, layout_loops_corners,
          dreamdust_ecumenical_altar_grove
D:2:      layout_loops_ring
D:4:      lemuel_castle_with_subvaults [lemuel_castle_interior_carwin_1],
          layout_loops_ring, minmay_temple_entry_antechambers, uniq_sigmund,
          uniq_blork_the_orc
Temple:   cyrus_temple_forest

Skill      XL: |  1  2  3  4  5 |
---------------+----------------+-----
Throwing       | 1 2 |  2.5
Fighting       | 4 |  4.1
Stealth        | 1 |  1.1
Axes           | 4 |  4.0
Polearms       | 1 |  1.0
Dodging        | |  2.6

Action                   |  1- 3 |  4- 6 || total
-------------------------+-------+-------++-------
Melee: Hand axe          |    81 |       ||    81
       Tailslap          |     5 |    10 ||    15
       Trident           |     5 |    60 ||    65
Throw: Dart              |    51 |    31 ||    82
  Use: Potion            |       |     4 ||     4
       Scroll            |       |     3 ||     3
 Stab: Sleeping          |     1 |       ||     1
Armor: Skin              |    28 |    20 ||    48
Dodge: Dodged            |    65 |    51 ||   116

Table legend: (Time is in decaauts)
 A = Elapsed time spent in this place.
 B = Non-inter-level travel time spent in this place.
 C = Inter-level travel time spent in this place.
 D = Time resting spent in this place.
 E = Time spent auto-exploring this place.
 F = Levels seen in this place.
 G = Mean time per level.
                   A        B        C        D        E       F      G
               +--------+--------+--------+--------+--------+-----+--------+
         Total |   2705 |   2602 |    103 |    173 |   1921 |   4 |  676.2 |
       Dungeon |   2620 |   2556 |     64 |    173 |   1883 |   3 |  873.3 |
        Temple |     84 |     45 |     39 |      0 |     38 |   1 |   84.0 |
               +--------+--------+--------+--------+--------+-----+--------+

Top non-repeatable levels by time:
     D:1: 1440 daAuts
     D:2: 727 daAuts
     D:4: 452 daAuts
  Temple: 84 daAuts
